 Dungeon Crawl Stone Soup version 0.23.0-2-g0fe3ce5905 (webtiles) character file.

Game seed: 2307733749622188207

293574 Majang the Brawler (level 19, -13/208 HPs)
             Began as a Demigod Transmuter on Feb 18, 2019.
             Mangled by a two-headed ogre
             ... wielding a cursed -1 giant spiked club
              (15 damage)
             ... while paralysed by an ogre mage
             ... on level 1 of the Vaults on Feb 20, 2019.
             The game lasted 05:19:43 (55586 turns).

Majang the Brawler (Demigod Transmuter)            Turns: 55586, Time: 05:19:46

Health: -13/208    AC: 10    Str: 21    XL:     19   Next: 24%
Magic:  35/39      EV:  1    Int: 26    God:
Gold:   1990       SH:  0    Dex: 16    Spells: 12/40 levels left

rFire    . . .     SeeInvis +     - Unarmed
rCold    . . .     Gourm    +   (shield currently unavailable)
rNeg     . . .     Faith    .   (armour currently unavailable)
rPois    +         Spirit   .   (helmet currently unavailable)
rElec    .         Reflect  .   (cloak currently unavailable)
rCorr    .         Harm     .   (gloves currently unavailable)
MR       +....                  (boots currently unavailable)
Stlth    ++........             u - amulet of the gourmand
HPRegen  0.44/turn              G - ring of see invisible
MPRegen  0.26/turn              H - +5 ring of intelligence

@: paralysed, hydra-form
A: very large, high mp 1
}: 2/15 runes: decaying, gossamer
a: End Transformation


You were on level 1 of the Vaults.
You were completely stuffed.
You were a ten-headed hydra.
You visited 7 branches of the dungeon, and saw 33 of its levels.
You also visited: Sewer, Gauntlet, Ice Cave and Wizlab.

You collected 3274 gold pieces.
You spent 1284 gold pieces at shops.

Inventory:

Missiles
 J - 704 arrows
Armour
 d - a +2 robe of the Archmagi (melded)
 s - a +1 pair of boots (melded)
 I - a +2 buckler (melded)
 L - a +0 helmet (melded)
 N - a +0 pair of gloves (melded)
 U - a +2 cloak (melded)
Magical Staves
 a - an uncursed staff of earth (melded)
Jewellery
 j - an uncursed ring of protection from cold
 r - an uncursed ring of positive energy
 u - an amulet of the gourmand (around neck)
 E - an uncursed ring of protection from magic {unknown}
 F - an uncursed ring of protection from fire
 G - a ring of see invisible (left foreclaw)
 H - a +5 ring of intelligence (right foreclaw)
 S - the amulet "Tadopi" {Reflect rC+ rN+ SH+4}
   (You found it in an ice cave)

   [amulet of reflection]

   It shields you and reflects attacks.
   It protects you from cold.
   It protects you from negative energy.
   It affects your SH (+4).
 V - an uncursed ring of resist corrosion
Wands
 i - a wand of digging (17)
 x - a wand of clouds (2)
 T - a wand of iceblast (30)
Scrolls
 b - 7 scrolls of fog
 h - a scroll of amnesia
 k - 18 scrolls of identify
 l - 8 scrolls of remove curse
 t - 4 scrolls of magic mapping
 v - a scroll of acquirement
 B - 16 scrolls of teleportation
 D - 4 scrolls of fear
 Q - a scroll of enchant armour
Potions
 c - 4 potions of magic
 e - 7 potions of flight
 f - 11 potions of curing
 g - 11 potions of brilliance
 m - 7 potions of might
 o - a potion of lignification
 p - 3 potions of agility
 w - a potion of invisibility
 z - 2 potions of cancellation
 A - 4 potions of mutation
 C - a potion of heal wounds
 K - a potion of berserk rage {unknown}
 M - 2 potions of ambrosia
 O - 3 potions of resistance
 P - 3 potions of haste
Miscellaneous
 q - a lightning rod (4/4)
Comestibles
 n - 3 chunks of flesh
 y - 50 rations


   Skills:
 + Level 12.0 Fighting
 - Level 8.0 Armour
 + Level 12.1 Dodging
 + Level 1.1 Stealth
 + Level 4.1 Shields
 * Level 16.9 Unarmed Combat
 + Level 11.0 Spellcasting
 + Level 14.6 Transmutations
 - Level 10.0 Earth Magic
 + Level 9.2 Evocations


You had 12 spell levels left.
You knew the following spells:

 Your Spells              Type           Power        Failure   Level  Hunger
b - Blade Hands           Tmut           ######....   1%          5    ###....
c - Stone Arrow           Conj/Erth      #####.       1%          3    None
f - Statue Form           Tmut/Erth      ######...    4%          6    #####..
h - Hydra Form            Tmut           ######....   1%          6    #####..
i - Ice Form              Ice/Tmut       ######..     1%          4    None
n - Sticks to Snakes      Tmut           ######..     0%          2    None
w - Passwall              Tmut/Erth      ######..     1%          2    None

Your spell library contained the following spells:

 Spells                   Type           Power        Failure   Level  Hunger
 Beastly Appendage        Tmut           ######       0%          1    None
 Sandblast                Erth           ######       1%          1    None
 Spider Form              Tmut/Pois      ######....   1%          3    None
 Petrify                  Tmut/Erth      ######..     1%          4    None
 Lee's Rapid Deconstruct  Erth           ######....   1%          5    ###....
 Animate Skeleton         Necr           N/A          4%          1    None
 Corona                   Hex            ##.....      4%          1    None
 Infusion                 Chrm           ##..         4%          1    None
 Magic Dart               Conj           ##..         4%          1    None
 Pain                     Necr           ##..         4%          1    None
 Sting                    Conj/Pois      ##..         4%          1    None
 Summon Small Mammal      Summ           ##..         4%          1    None
 Irradiate                Conj/Tmut      ######....   5%          5    ###....
 Yara's Violent Unravell  Hex/Tmut       ######....   5%          5    ###....
 Blink                    Tloc           N/A          6%          2    None
 Call Imp                 Summ           ##......     6%          2    None
 Ensorcelled Hibernation  Hex/Ice        ##....       6%          2    None
 Poisonous Vapours        Pois/Air       ##....       6%          2    None
 Searing Ray              Conj           ##....       6%          2    None
 Shroud of Golubria       Chrm/Tloc      ##........   6%          2    None
 Slow                     Hex            ##......     6%          2    None
 Song of Slaying          Chrm           ##......     6%          2    None
 Swiftness                Chrm/Air       ##......     6%          2    None
 Throw Frost              Conj/Ice       ##....       6%          2    None
 Dragon Form              Tmut           ######....   9%          7    ######.
 Call Canine Familiar     Summ           ##......     12%         3    None
 Confuse                  Hex            ##......     12%         3    None
 Conjure Flame            Conj/Fire      ##......     12%         3    None
 Dazzling Spray           Conj/Hex       ##....       12%         3    None
 Gell's Gravitas          Tloc           ##........   12%         3    None
 Inner Flame              Hex/Fire       ##......     12%         3    None
 Lesser Beckoning         Tloc           ##........   12%         3    None
 Mephitic Cloud           Conj/Pois/Air  ##......     12%         3    None
 Recall                   Summ/Tloc      N/A          12%         3    None
 Regeneration             Chrm/Necr      ##........   12%         3    None
 Spectral Weapon          Hex/Chrm       ##......     12%         3    None
 Static Discharge         Conj/Air       ##......     12%         3    None
 Summon Guardian Golem    Hex/Summ       ##......     12%         3    None
 Teleport Other           Tloc           ##......     12%         3    None
 Tukima's Dance           Hex            ##......     12%         3    None
 Vampiric Draining        Necr           ##........   12%         3    None
 Borgnjor's Vile Clutch   Necr/Erth      #####.....   14%         5    ###....
 Bolt of Magma            Conj/Fire/Erth ####......   28%         5    ###....
 Animate Dead             Necr           N/A          38%         4    None
 Force Lance              Conj/Tloc      ##......     38%         4    None
 Fulminant Prism          Conj/Hex       ##........   38%         4    None
 Iskenderun's Mystic Bla  Conj           ##......     38%         4    None
 Olgreb's Toxic Radiance  Pois           ##......     38%         4    None
 Passage of Golubria      Tloc           N/A          38%         4    None
 Summon Ice Beast         Ice/Summ       ##......     38%         4    None
 Summon Lightning Spire   Summ/Air       ##......     38%         4    None
 Iron Shot                Conj/Erth      #####.....   63%         6    #####..
 Bolt of Draining         Conj/Necr      ##........   75%         5    ###....
 Excruciating Wounds      Chrm/Necr      ##........   75%         5    ###....
 Fireball                 Conj/Fire      ##........   75%         5    ###....
 Iskenderun's Battlesphe  Conj/Chrm      ##......     75%         5    ###....
 Lightning Bolt           Conj/Air       ##........   75%         5    ###....
 Metabolic Englaciation   Hex/Ice        ##........   75%         5    ###....
 Venom Bolt               Conj/Pois      ##........   75%         5    ###....
 Bolt of Cold             Conj/Ice       ##........   99%         6    #####..
 Bolt of Fire             Conj/Fire      ##........   99%         6    #####..
 Conjure Ball Lightning   Conj/Air       ##........   99%         6    #####..
 Darkness                 Hex            ##........   99%         6    #####..
 Death Channel            Necr           ##........   99%         6    #####..
 Freezing Cloud           Conj/Ice/Air   ##........   99%         6    #####..
 Invisibility             Hex            ##......     99%         6    #####..
 Ozocubu's Refrigeration  Ice            ##........   99%         6    #####..
 Simulacrum               Ice/Necr       ##........   99%         6    #####..
 Orb of Destruction       Conj           ##........   100%        7    ######.
 Spellforged Servitor     Conj/Summ      ##........   100%        7    ######.


Dungeon Overview and Level Annotations

Branches:
Dungeon (15/15)            Temple (0/1) D:6            Lair (6/6) D:9
  Swamp (4/4) Lair:4       Spider (4/4) Lair:3        Slime (0/5) Lair:5
    Orc (2/2) D:11            Elf (1/3) Orc:2        Vaults (1/5) D:13
 Depths (0/5) D:15

Shops:
D:6 !   D:8 *   D:9 [   D:10 :   D:14 =   Orc:2 =[(*   Elf:1 [   Vaults:1 ?!(

Portals:
Trove: D:10 (give 5 scrolls of blinking)

Annotations:
D:6 3 runed translucent doors, EnegeticOcto's ghost, novice CeAM
D:11 3 runed translucent doors, kirsanium's ghost, journeyman DEIE
Lair:5 1 runed translucent door


Innate Abilities, Weirdness & Mutations

You have an increased reservoir of magic. (+10% MP)
((You have sharp toenails.))
((You are partially covered in thin metallic scales. (AC +2)))


Message History

The ogre mage casts a spell at you. The bolt of lightning hits you!!
The two-headed ogre hits you with a cursed -1 giant spiked club!
* * * LOW HITPOINT WARNING * * *
The two-headed ogre hits you but does no damage.
The two-headed ogre hits you with a +0 giant club!
* * * LOW HITPOINT WARNING * * *
The two-headed ogre hits you with a +0 dire flail!
* * * LOW HITPOINT WARNING * * *
The ogre mage hits you but does no damage.
The ogre mage hits you.
* * * LOW HITPOINT WARNING * * *
The two-headed ogre hits you with a +0 giant club!
* * * LOW HITPOINT WARNING * * *
The two-headed ogre hits you with a +0 dire flail.
* * * LOW HITPOINT WARNING * * *
The two-headed ogre hits you with a cursed -1 giant spiked club!
* * * LOW HITPOINT WARNING * * *
The two-headed ogre hits you with a +0 giant club!
You die...

#.........# + #..##
#..########....#.#. #.###
#..#......#......... ##.##.
#..#......#....#.#.. #.....
#..#......#........ #..###
#..#....>.#..!.#.#.. ####..
#..#......#.O...... #######
#..#......#.OO.#.#.. #......
#..#......'.DOO..... #......
#..#'##################......
#............................
#...................#########
#........##'#######.######...
#........#........#.##...#.#.
#........#........####.#.#...
#........#........####...#''#
#........#........#.........#


You could see 3 two-headed ogres, an ogre mage and an ogre.

Vanquished Creatures
  Arachne (Spider:1)
  Rupert (D:12)
  Gastronok (Lair:2)
  3 thorn hunters
  A frost giant (IceCv)
  2 ghost moths (Spider:4)
  4 vault wardens (Vaults:1)
  An orc warlord (Orc:2)
  5 emperor scorpions
  5 ironheart preservers (Vaults:1)
  6 entropy weavers
  10 purple draconians (WizLab)
  A minotaur (Gauntlet)
  2 spark wasps (Spider:4)
  A death ooze (Swamp:4)
  2 ettins
  A great orb of eyes (Vaults:1)
  2 green deaths (Swamp:4)
  9 statues (WizLab)
  A fire dragon (D:15)
  2 yaktaur captains (Vaults:1)
  Erolcha (D:10)
  Fannar (D:12)
  Josephine (Lair:5)
  A deep elf high priest (Elf:1)
  2 rakshasas (D:14)
  4 ghost crabs
  2 hell beasts (Swamp:4)
  2 death knights
  13 alligators
  5 shambling mangroves
  12 centaur warriors
  14 hydras
  8 death scarabs (Spider:4)
  2 ogre magi (Vaults:1)
  4 death yaks
  3 dancing weapons (Elf:1)
  Urug (D:12)
  2 orc high priests
  A queen ant (Spider:1)
  4 thrashing horrors
  A deep troll earth mage (Vaults:1)
  A tengu warrior (D:12)
  13 two-headed ogres
  3 deep elf knights (Elf:1)
  Nergalle (Orc:2)
  8 skeletal warriors
  2 spectral emperor scorpions (Spider:4)
  A flayed ghost (Vaults:1)
  A wizard (Vaults:1)
  2 spriggan druids (Swamp:4)
  8 swamp dragons
  4 unseen horrors
  7 deep trolls (Vaults:1)
  4 deep elf archers
  4 wolf spider zombies
  8 orc knights
  16 orb spiders
  2 ironbrand convokers (Vaults:1)
  A spectral wolf spider (Spider:4)
  2 necromancers
  A mana viper (shapeshifter) (Vaults:1)
  32 wolf spiders
  45 deep elf magi
  An orb spider (shapeshifter) (Vaults:1)
  6 orc sorcerers
  5 cyclopes
  32 ugly things
  2 manticores
  2 large abominations (Swamp:4)
  5 moths of wrath
  10 elephants
  4 black mambas
  A centaur zombie (D:15)
  3 vault sentinels (Vaults:1)
  3 gargoyles
  14 spiny frogs
  3 torpor snails (Spider:3)
  4 spectral redbacks (Spider:4)
  An orange demon (Swamp:4)
  5 rime drakes
  3 human zombies (Vaults:1)
  An efreet (D:14)
  14 demonic crawlers
  7 yaktaurs (Vaults:1)
  A redback zombie (Spider:4)
  A kobold demonologist (D:14)
  3 komodo dragons
  4 freezing wraiths
  An ice devil (Gauntlet)
  2 tengu conjurers (D:14)
  8 trolls
  A merfolk (D:11)
  19 polar bears
  48 jumping spiders
  A harpy zombie (D:14)
  3 spectral tarantellas (Spider:4)
  35 hornets
  14 tyrant leeches
  2 dream sheep (Lair:6)
  11 bog bodies
  4 jumping spider zombies (Spider:4)
  8 blink frogs
  3 spectral jumping spiders (Spider:4)
  20 slime creatures
  10 hippogriffs
  3 small abominations
  2 centaur simulacra (D:15)
  Sigmund (D:2)
  52 redbacks
  21 spriggans
  16 humans
  3 air elementals (Elf:1)
  9 shadows
  22 tarantellas
  7 wraiths
  61 yaks
  2 vampires
  5 basilisks
  4 wyverns
  A hog (shapeshifter) (D:15)
  Eustachio (D:5)
  2 fire elementals (Elf:1)
  13 vampire mosquitoes
  Grum (D:9)
  17 swamp worms
  Menkaure (D:7)
  5 hungry ghosts
  6 wargs
  A naga (D:10)
  4 insubstantial wisps (Swamp:3)
  7 water moccasins
  4 acid dragons
  20 soldier ants
  Duvessa (D:5)
  4 swamp drakes
  6 porcupines
  A black bear (shapeshifter) (Vaults:1)
  A hornet zombie (D:13)
  5 sky beasts
  11 ice beasts
  A phantom (D:8)
  5 black bears
  47 orc warriors
  A necrophage (D:11)
  3 boggarts (Lair:6)
  12 ogres
  34 wolves
  8 centaurs
  12 crocodiles
  A big kobold (D:11)
  16 bullfrogs
  An earth elemental (Elf:1)
  2 gnoll sergeants
  A wyvern zombie (D:12)
  3 scorpions
  Dowan (D:5)
  11 killer bees
  8 wights (D:11)
  3 howler monkeys
  5 electric eels
  7 crimson imps
  3 bullfrog zombies
  A human simulacrum (Vaults:1)
  14 orc priests
  4 jellies
  4 centaur skeletons
  6 hounds
  27 orc wizards
  A bullfrog skeleton (D:6)
  4 iguanas
  36 worker ants
  A hound skeleton (D:6)
  2 worker ant zombies
  20 adders
  12 gnolls
  3 river rats (Sewer)
  A shadow imp (D:9)
  4 white imps (Gauntlet)
  2 adder zombies
  A worm (D:6)
  An adder skeleton (D:5)
  A dart slug (D:1)
  4 leopard geckos
  100 orcs
  4 bats
  6 giant cockroaches
  8 goblins
  7 hobgoblins
  3 quokkas
  6 ball pythons
  12 frilled lizards
  13 kobolds
  A leopard gecko skeleton (D:4)
  9 rats
  A briar patch (Swamp:1)
1460 creatures vanquished.

Vanquished Creatures (collateral kills)
  3 orb spiders
  A torpor snail (Spider:3)
  2 tyrant leeches (Spider:3)
  A jumping spider (Spider:3)
  An ogre (D:6)
  An orc priest (D:4)
  2 worker ants (D:4)
  3 gnolls (D:4)
14 creatures vanquished.

Vanquished Creatures (others)
  A hornet (Swamp:3)
  A slime creature (Swamp:1)
  An orc wizard (Orc:2)
  A demonic plant (Gauntlet)
  7 fungi
  13 plants
24 creatures vanquished.

Grand Total: 1498 creatures vanquished

Notes
Turn   | Place    | Note
-------+----------+-------------------------------------------
     0 | D:1      | Majang the Demigod Transmuter began the quest for the Orb.
     0 | D:1      | Reached XP level 1. HP: 15/15 MP: 5/5
   354 | D:1      | Reached XP level 2. HP: 22/22 MP: 5/7
   355 | D:1      | Reached skill level 3 in Unarmed Combat
  1176 | D:2      | Reached XP level 3. HP: 17/27 MP: 6/8
  1896 | D:2      | Learned a level 2 spell: Sticks to Snakes
  2122 | D:2      | Noticed Sigmund
  2137 | D:2      | Killed Sigmund
  2137 | D:2      | Reached skill level 4 in Unarmed Combat
  2137 | D:2      | Reached XP level 4. HP: 14/34 MP: 1/10
  2137 | D:2      | Reached XP level 5. HP: 16/39 MP: 1/12
  2716 | D:3      | Learned a level 5 spell: Blade Hands
  3108 | D:3      | Noticed a sky beast
  3127 | D:3      | Killed a sky beast
  3127 | D:3      | Reached XP level 6. HP: 8/46 MP: 13/13
  4077 | D:4      | Found a shattered altar of Ashenzari.
  4465 | D:4      | Found a deep blue altar of Sif Muna.
  4690 | D:4      | Identified the cursed +0 leather armour "Puzeg" {+Inv MP+9
                  | SInv}
  4710 | D:4      | Reached skill level 5 in Unarmed Combat
  4940 | D:4      | Found an iron altar of Okawaru.
  5011 | D:4      | Reached XP level 7. HP: 21/51 MP: 13/15
  5244 | D:4      | Found a sparkling altar of Nemelex Xobeh.
  5284 | D:4      | Found a hazy altar of Hepliaklqana.
  5339 | D:5      | Entered Level 5 of the Dungeon
  5377 | D:5      | Reached skill level 1 in Fighting
  5421 | D:5      | Reached skill level 5 in Transmutations
  5466 | D:5      | Noticed Duvessa
  5468 | D:5      | Noticed Dowan
  5489 | D:5      | Killed Dowan
  5491 | D:5      | Killed Duvessa
  5491 | D:5      | Reached skill level 1 in Armour
  5748 | D:5      | Noticed Eustachio
  5752 | D:4      | Found a snail-covered altar of Cheibriados.
  5752 | D:4      | Found a hide-covered altar of Uskayaw.
  6023 | D:5      | Killed Eustachio
  6215 | D:5      | Reached XP level 8. HP: 59/61 MP: 16/16
  6291 | D:5      | Reached skill level 6 in Unarmed Combat
  6850 | D:6      | Found Keeth's Distillery.
  6857 | D:6      | Bought a potion of heal wounds for 65 gold pieces
  6857 | D:6      | Bought a potion of brilliance for 52 gold pieces
  6857 | D:6      | Bought a potion of lignification for 39 gold pieces
  6857 | D:6      | Bought a potion of flight for 39 gold pieces
  6879 | D:6      | Reached skill level 1 in Shields
  6903 | D:6      | Found a staircase to the Ecumenical Temple.
  6924 | D:6      | Found a runed translucent gate.
  6924 | D:6      | Found a runed translucent gate.
  6924 | D:6      | Found a runed translucent gate.
  7077 | D:6      | Found a glowing drain.
  7141 | Sewer    | Entered a sewer
  7571 | D:6      | Noticed EnegeticOcto's ghost (novice CeAM)
  7573 | D:6      | Noticed a manticore
  8203 | D:7      | Noticed Menkaure
  8223 | D:7      | Killed Menkaure
  8429 | D:7      | Reached XP level 9. HP: 67/68 MP: 17/19
  8769 | D:7      | Reached skill level 7 in Unarmed Combat
  9038 | D:7      | Gained mutation: You are agile. (Dex +2) [potion of
                  | mutation]
  9038 | D:7      | Gained mutation: You have sharp toenails. [potion of
                  | mutation]
  9038 | D:7      | Gained mutation: You are partially covered in thin metallic
                  | scales. (AC +2) [potion of mutation]
  9249 | D:8      | Found Acsoeva's General Store.
  9902 | D:8      | Learned a level 4 spell: Ice Form
  9948 | D:9      | Found Zaum's Armour Shop.
  9948 | D:9      | Found a staircase to the Lair.
  9948 | D:9      | Noticed a death yak
  9948 | D:9      | Noticed a death yak
  9951 | D:9      | Noticed a death yak
  9956 | D:8      | Killed a death yak
 10183 | D:9      | Killed a death yak
 10254 | D:8      | Killed a death yak
 10254 | D:8      | Reached skill level 5 in Spellcasting
 10254 | D:8      | Reached XP level 10. HP: 21/78 MP: 5/21
 10340 | D:8      | Lost mutation: You are agile. (Dex +2) [mutagenic glow]
 10544 | D:9      | Reached skill level 8 in Unarmed Combat
 10804 | D:9      | Noticed Grum
 10906 | D:9      | Killed Grum
 11301 | D:9      | Bought a +0 helmet for 45 gold pieces
 11301 | D:9      | Bought a cursed +0 pair of boots for 15 gold pieces
 11301 | D:9      | Bought a cursed +0 pair of gloves for 15 gold pieces
 11353 | D:9      | Noticed a two-headed ogre
 11363 | D:9      | Killed a two-headed ogre
 11363 | D:9      | Reached skill level 5 in Dodging
 12196 | D:10     | Entered Level 10 of the Dungeon
 12196 | D:10     | Found a portal to a secret trove of treasure.
 12212 | D:10     | Noticed a two-headed ogre
 12221 | D:10     | Killed a two-headed ogre
 12243 | D:10     | Noticed a two-headed ogre
 12252 | D:10     | Killed a two-headed ogre
 12252 | D:10     | Reached XP level 11. HP: 71/85 MP: 13/23
 12691 | D:10     | Noticed Erolcha
 12700 | D:10     | Killed Erolcha
 12700 | D:10     | Reached skill level 5 in Fighting
 12700 | D:10     | Reached skill level 9 in Unarmed Combat
 12769 | D:10     | Found Janledalei's Book Boutique.
 12799 | D:10     | Noticed Sonja
 12802 | D:10     | Noticed Sonja
 12802 | D:10     | Sonja changed into Sonja the naga
 12806 | D:10     | Killed Sonja the naga
 12914 | D:10     | Reached skill level 5 in Armour
 13236 | D:10     | Found a shattered altar of Ashenzari.
 13542 | D:11     | Noticed a two-headed ogre
 13549 | D:11     | Killed a two-headed ogre
 13728 | D:11     | Noticed a two-headed ogre
 13734 | D:11     | Killed a two-headed ogre
 13748 | D:11     | Noticed a two-headed ogre
 13758 | D:11     | Killed a two-headed ogre
 14246 | D:11     | Found a staircase to the Orcish Mines.
 14260 | D:11     | Found a runed translucent gate.
 14260 | D:11     | Found a runed translucent gate.
 14260 | D:11     | Found a runed translucent gate.
 14260 | D:11     | Noticed kirsanium's ghost (journeyman DEIE)
 14262 | D:11     | Found a roughly hewn altar of Beogh.
 14262 | D:11     | Identified the +8 spear of Balance {antimagic, rElec rC-
                  | Str+8 Dex+2}
 14262 | D:11     | Identified the +14 plate armour of Mental Paralysis {rElec
                  | Str+4}
 14497 | D:11     | Identified the cursed +1 crystal plate armour of Mirth
                  | {rF+}
 14635 | D:12     | Noticed Fannar
 14651 | D:12     | Killed Fannar
 14654 | D:12     | Reached skill level 10 in Unarmed Combat
 14796 | D:12     | Found a snail-covered altar of Cheibriados.
 14812 | D:12     | Noticed a two-headed ogre
 14818 | D:12     | Killed a two-headed ogre
 14818 | D:12     | Reached XP level 12. HP: 76/95 MP: 20/25
 14866 | D:12     | Noticed a centaur warrior
 14872 | D:12     | HP: 4/95 [freezing wraith (12)]
 14886 | D:12     | HP: 3/95 [centaur warrior (12)]
 14891 | D:12     | Killed a centaur warrior
 14891 | D:12     | Reached skill level 10 in Transmutations
 15015 | D:12     | Noticed an ettin
 15038 | D:12     | Killed an ettin
 15116 | D:12     | Noticed a death knight
 15125 | D:12     | Killed a death knight
 15479 | D:9      | Bought a +4 ring mail of fire resistance for 310 gold
                  | pieces
 15691 | Lair:1   | Entered Level 1 of the Lair of Beasts
 17203 | Lair:2   | Noticed Gastronok
 17218 | Lair:2   | Killed Gastronok
 17863 | Lair:3   | Found a hole to the Spider Nest.
 18041 | Lair:3   | Noticed a four-headed hydra
 18056 | Lair:3   | Killed a four-headed hydra
 18150 | Lair:3   | You fall through a shaft!
 18233 | Lair:4   | Reached skill level 1 in Evocations
 18254 | Lair:4   | Reached skill level 11 in Unarmed Combat
 18305 | Lair:4   | Identified 2 scrolls of acquirement
 18305 | Lair:4   | Identified Majang's Papyrus of Noxious Battle Magic (You
                  | acquired it on level 4 of the Lair of Beasts)
 18311 | Lair:4   | Learned a level 3 spell: Stone Arrow
 18311 | Lair:4   | Identified the Handbook of Glacial Curses (You acquired it
                  | on level 4 of the Lair of Beasts)
 18316 | Lair:4   | Learned a level 2 spell: Passwall
 18317 | Lair:4   | Found a staircase to the Swamp.
 18434 | Lair:4   | Reached XP level 13. HP: 104/104 MP: 28/28
 18513 | Lair:4   | Reached skill level 1 in Earth Magic
 19124 | Lair:5   | Found a gate leading to a gauntlet.
 19135 | Gauntlet | Entered a Gauntlet
 19135 | Gauntlet | Found a transporter.
 19140 | Gauntlet | Found a transporter.
 19144 | Gauntlet | Found a runed translucent door.
 19144 | Gauntlet | Found a runed translucent door.
 19156 | Gauntlet | Found a transporter.
 19158 | Gauntlet | Found a transporter.
 19169 | Gauntlet | Found a transporter.
 19182 | Gauntlet | Noticed a cacodemon
 19185 | Gauntlet | Found a transporter.
 19190 | Gauntlet | Found a transporter.
 19210 | Gauntlet | Found a transporter.
 19215 | Gauntlet | Found a transporter.
 19234 | Gauntlet | Found a transporter.
 19241 | Gauntlet | Found a transporter.
 19247 | Gauntlet | Found a transporter.
 19294 | Gauntlet | Found a transporter.
 19299 | Gauntlet | Found a transporter.
 19336 | Gauntlet | Found a runed translucent door.
 19718 | Gauntlet | Noticed a minotaur
 19726 | Gauntlet | Killed a minotaur
 19934 | Lair:5   | Upgraded the game from 0.23.0 to 0.23.0-2-g0fe3ce5905
 20175 | Lair:5   | Noticed Josephine
 20181 | Lair:5   | Killed Josephine
 20347 | Lair:5   | Found a runed translucent door.
 20347 | Lair:5   | Found a viscous altar of Jiyva.
 20348 | Lair:5   | Found a staircase to the Slime Pits.
 20677 | Lair:6   | Entered Level 6 of the Lair of Beasts
 21120 | Lair:6   | Got an ancient flail
 21121 | Lair:6   | Identified the +5 flail of the Land of Plenty {venom, +Inv
                  | Str-3 Int+3} (You found it on level 6 of the Lair of
                  | Beasts)
 21863 | Lair:6   | Identified Sif Muna's Tome of the Mountains and Darkness
 21905 | Lair:6   | Reached skill level 12 in Unarmed Combat
 22208 | Lair:6   | Reached XP level 14. HP: 114/114 MP: 26/29
 22892 | Orc:1    | Entered Level 1 of the Orcish Mines
 23485 | Orc:2    | Entered Level 2 of the Orcish Mines
 23485 | Orc:2    | Found a shimmering altar of Xom.
 23898 | Orc:2    | Found a staircase to the Elven Halls.
 24002 | Orc:2    | Paralysed by an orc sorcerer for 6 turns
 24483 | Orc:2    | Noticed Nergalle
 24501 | Orc:2    | Killed Nergalle
 25100 | Orc:2    | Noticed an orc warlord
 25160 | Orc:2    | Found a roughly hewn altar of Beogh.
 25208 | Orc:2    | Killed an orc warlord
 25443 | Orc:2    | Found Routs's Antique Armour Shop.
 25472 | Orc:2    | Found Mesucatt's General Store.
 25487 | Orc:2    | Found Bunwesee's Antique Weapon Shop.
 25503 | Orc:2    | Found Teeq's Jewellery Shop.
 25510 | Orc:2    | Bought a cursed ring of attention for 54 gold pieces
 25527 | Orc:2    | Bought an encrusted leather armour for 210 gold pieces
 25527 | Orc:2    | Identified the +5 leather armour of Nuotin {rPois} (You
                  | bought it in a shop on level 2 of the Orcish Mines)
 25732 | D:12     | Noticed Urug
 25742 | D:12     | Killed Urug
 26052 | D:13     | Found a gate to the Vaults.
 26052 | D:13     | Noticed Rupert
 26492 | D:12     | Killed Rupert
 27143 | D:13     | You fall through a shaft for 2 floors!
 27143 | D:15     | Entered Level 15 of the Dungeon
 27143 | D:15     | Found a staircase to the Depths.
 27176 | D:15     | Reached skill level 5 in Earth Magic
 27500 | D:15     | Reached skill level 13 in Unarmed Combat
 28443 | D:14     | Reached XP level 15. HP: 123/123 MP: 25/31
 28447 | D:14     | Found a frozen archway.
 28481 | IceCv    | Entered an ice cave
 29319 | IceCv    | Got a coiled bronze amulet
 29326 | IceCv    | Identified the amulet "Tadopi" {Reflect rC+ rN+ SH+4} (You
                  | found it in an ice cave)
 29745 | D:14     | Found a deep blue altar of Sif Muna.
 30040 | D:14     | Found Yqoacw's Jewellery Shop.
 32225 | Spider:1 | Entered Level 1 of the Spider Nest
 32475 | Spider:1 | Reached skill level 5 in Evocations
 33603 | Spider:1 | Reached skill level 14 in Unarmed Combat
 34197 | Spider:1 | Reached XP level 16. HP: 57/132 MP: 30/33
 34435 | Spider:2 | Noticed Arachne
 34745 | Spider:1 | Killed Arachne
 35185 | Spider:2 | Reached skill level 10 in Dodging
 38192 | Spider:3 | Reached skill level 10 in Fighting
 39968 | Elf:1    | Entered Level 1 of the Elven Halls
 40148 | Elf:1    | Found Suipaini's Armour Boutique.
 40387 | Elf:1    | Found a magical portal.
 40396 | WizLab   | Entered Iskenderun's Mystic Tower
 42625 | WizLab   | Reached skill level 15 in Unarmed Combat
 43422 | WizLab   | Reached XP level 17. HP: 141/141 MP: 29/35
 44615 | WizLab   | Identified Iskenderun's Disquisition on Arcane Weapons
 44615 | WizLab   | Identified Iskenderun's Compendium of Combat Magic
 44811 | WizLab   | Learned a level 6 spell: Statue Form
 44962 | Elf:1    | Found a sparkling altar of Nemelex Xobeh.
 45187 | Elf:1    | Found a radiant altar of Vehumet.
 45974 | Swamp:1  | Entered Level 1 of the Swamp
 46727 | Swamp:1  | Got an ichor-stained ring mail
 46728 | Swamp:1  | Identified the +5 ring mail of Colez {-Cast Str+5 Int+2}
                  | (You found it on level 1 of the Swamp)
 48299 | Swamp:3  | Reached skill level 10 in Spellcasting
 49184 | Swamp:4  | Entered Level 4 of the Swamp
 50469 | Swamp:4  | Reached XP level 18. HP: 151/151 MP: 37/37
 50632 | Swamp:4  | Reached skill level 16 in Unarmed Combat
 50716 | Swamp:4  | Got a decaying rune of Zot
 50921 | Spider:4 | Entered Level 4 of the Spider Nest
 52710 | Spider:4 | Got a gossamer rune of Zot
 53065 | Vaults:1 | Entered Level 1 of the Vaults
 53762 | Vaults:1 | Learned a level 6 spell: Hydra Form
 54233 | Vaults:1 | Reached XP level 19. HP: 160/160 MP: 34/39
 54896 | Vaults:1 | Found Haerud Zoddu's Magic Scroll Emporium.
 54896 | Vaults:1 | Found Ickud's Distillery.
 54904 | Vaults:1 | Reached skill level 10 in Earth Magic
 54958 | Vaults:1 | Bought a potion of lignification for 33 gold pieces
 54958 | Vaults:1 | Bought a potion of might for 44 gold pieces
 54958 | Vaults:1 | Bought a potion of cancellation for 88 gold pieces
 54958 | Vaults:1 | Bought a potion of might for 44 gold pieces
 54958 | Vaults:1 | Bought a potion of might for 44 gold pieces
 54958 | Vaults:1 | Bought 2 potions of agility for 88 gold pieces
 54958 | Vaults:1 | Bought a potion of agility for 44 gold pieces
 54958 | Vaults:1 | Bought a potion of heal wounds for 55 gold pieces
 54964 | Vaults:1 | Found Inijin's Weapon Emporium.
 55495 | Vaults:1 | Reached skill level 1 in Stealth
 55579 | Vaults:1 | Paralysed by an ogre mage for 7 turns
 55586 | Vaults:1 | HP: 2/208 [two-headed ogre/cursed -1 giant spiked club
                  | (12)]
 55586 | Vaults:1 | Mangled by a two-headed ogre

Skill      XL: |  1  2  3  4  5  6  7  8  9 10 11 12 13 14 15 16 17 18 19 |
---------------+----------------------------------------------------------+-----
Transmutations | 2 3 4 5 6 7 8 9 10 11 12 13 14 | 14.6
Unarmed Combat | 3 4 5 6 7 8 10 11 12 13 14 15 16 | 16.9
Spellcasting   | 2 3 4 5 6 7 8 9 10 11 | 11.0
Fighting       | 1 2 4 5 6 7 8 9 10 11 12 | 12.0
Dodging        | 2 3 4 5 6 7 8 9 10 11 12 | 12.1
Armour         | 1 2 3 4 5 6 7 8 |  8.0
Shields        | 1 3 4 |  4.1
Evocations     | 1 3 5 6 8 9 |  9.2
Earth Magic    | 3 5 6 7 9 10 | 10.0
Stealth        | 1 |  1.1

Action                   |  1- 3 |  4- 6 |  7- 9 | 10-12 | 13-15 | 16-18 | 19-21 || total
-------------------------+-------+-------+-------+-------+-------+-------+-------++-------
Melee: Unarmed           |   109 |   157 |   334 |   554 |  1367 |  1548 |   145 ||  4214
       Kick              |    19 |    22 |    69 |    22 |       |   329 |    40 ||   501
       Headbutt          |     6 |     6 |    30 |     5 |       |       |       ||    47
       Punch             |     2 |     2 |     9 |    21 |    99 |    31 |       ||   164
       Eveningstar       |       |       |       |       |    32 |     7 |       ||    39
       Staff             |       |       |       |       |       |    11 |     1 ||    12
Throw: Tomahawk          |       |       |     1 |       |       |       |       ||     1
       Javelin           |       |       |       |       |       |     1 |       ||     1
 Cast: Beastly Appendage |    25 |    26 |    38 |     4 |       |       |       ||    93
       Sticks to Snakes  |     3 |    10 |    21 |       |     8 |    14 |       ||    56
       Blade Hands       |       |       |     8 |    77 |   142 |    80 |       ||   307
       Ice Form          |       |       |       |     1 |     4 |       |       ||     5
       Statue Form       |       |       |       |       |       |    76 |    11 ||    87
       Stone Arrow       |       |       |       |       |       |    13 |       ||    13
       Hydra Form        |       |       |       |       |       |     2 |     4 ||     6
 Abil: End Transformatio |       |       |       |       |     6 |       |     1 ||     7
Evoke: Wand              |       |       |     9 |     7 |     9 |    27 |       ||    52
  Use: Potion            |     1 |     4 |     3 |    10 |    16 |    14 |       ||    48
       Scroll            |       |     2 |    15 |    11 |    18 |    11 |       ||    57
 Stab: Sleeping          |     2 |     2 |     3 |       |       |       |       ||     7
       Distracted        |       |     1 |       |       |       |       |       ||     1
       Confused          |       |       |       |       |     3 |       |       ||     3
       Invisible         |       |       |       |       |       |     2 |       ||     2
       Held in net/web   |       |       |       |       |       |     1 |       ||     1
  Eat: Chunk             |     4 |    10 |    16 |    44 |   106 |   108 |     8 ||   296
       Ration            |       |       |     2 |     2 |     2 |     1 |       ||     7
Armor: Robe              |    13 |    29 |     4 |    25 |       |    10 |       ||    81
       Ring mail         |       |       |   114 |    26 |       |       |       ||   140
       Troll leather arm |       |       |       |    73 |       |       |       ||    73
       Skin              |       |       |       |    12 |    44 |   729 |    50 ||   835
       Swamp dragon scal |       |       |       |     4 |   552 |   268 |       ||   824
Dodge: Dodged            |    56 |    55 |   162 |   297 |   907 |  1829 |   115 ||  3421
Block: Buckler           |       |       |     2 |     4 |    38 |   480 |    50 ||   574
